 Dungeon Crawl Stone Soup version 0.27.1-1-g398f81649c (webtiles) character file.

Game seed: 3070136840583264637

1540 Metae the Fighter (level 8, -3/75 HPs)
             Began as a Minotaur Fighter on Sept 8, 2021.
             Slain by zurenarrh's ghost (16 damage)
             ... on level 4 of the Dungeon.
             The game lasted 00:20:17 (6340 turns).

Metae the Fighter (Minotaur Fighter)                Turns: 6340, Time: 00:20:17

Health: -3/75      AC: 12    Str: 24    XL:     8   Next: 56%
Magic:  0/7        EV:  8    Int:  5    God:
Gold:   152        SH: 10    Dex:  9    Spells: 7/7 levels left

rFire    + . .     SeeInvis .   a - +0 trident
rCold    x . .     Faith    .   c - +0 kite shield
rNeg     . . .     Spirit   +   w - +3 scale mail
rPois    .         Reflect  .   (helmet restricted)
rElec    .         Harm     .   (no cloak)
rCorr    .         Rampage  .   k - +0 pair of gloves
Will     .....                  (no boots)
Stlth    ..........             n - amulet of guardian spirit
HPRegen  0.22/turn              d - ring of fire
MPRegen  0.10/turn              (no ring)

@: no status effects
A: horns 2, retaliatory headbutt
a: no special abilities


You were on level 4 of the Dungeon.
You visited 1 branch of the dungeon, and saw 5 of its levels.

You collected 306 gold pieces.
You spent 154 gold pieces at shops.

Inventory:

Hand Weapons
 a - a +0 trident (weapon)
 b - a +8 flail
Armour
 c - a +0 kite shield (worn)
 k - a +0 pair of gloves (worn)
 w - a +3 scale mail (worn)
Magical Staves
 u - a staff of poison
Jewellery
 d - a ring of fire (left hand)
 n - an amulet of guardian spirit (around neck)
 t - a ring of wizardry
Scrolls
 f - a scroll of torment
 h - a scroll of teleportation
 l - a scroll of amnesia
 p - a scroll of brand weapon {unknown}
 s - a scroll of enchant weapon {unknown}
Potions
 e - 2 potions of flight
 g - 2 potions of cancellation
 j - 3 potions of lignification
 m - 3 potions of curing
 q - a potion of ambrosia {unknown}
 r - a potion of haste


   Skills:
 * Level 8.4 Fighting
 + Level 5.6 Polearms
 * Level 8.3 Armour
 + Level 6.3 Shields


You had 7 spell levels left.
You didn't know any spells.
Your spell library contained the following spells:

 Spells                   Type           Power      Damage    Failure   Level
 Blink                    Tloc           N/A        N/A       99%         2
 Lesser Beckoning         Tloc           0%         N/A       100%        3
 Manifold Assault         Tloc           0%         N/A       100%        5


Dungeon Overview and Level Annotations

Branches:
Dungeon (5/15)
 Temple: D:4-7

Altars:
Gozag
Hepliaklqana
Beogh

Shops:
D:4 !   D:5 (

Annotations:
D:4 zurenarrh's ghost, novice TrMo
D:5 2 runed translucent doors


Innate Abilities, Weirdness & Mutations

You have a pair of horns on your head.
You reflexively headbutt those who attack you in melee.


Message History

As you read the scroll of identify, it crumbles to dust.
l - a scroll of amnesia You open the gate.
You closely miss the two-headed ogre. You headbutt the two-headed ogre.
The two-headed ogre is lightly wounded.
The hound bites you but does no damage. The two-headed ogre barely misses you.
The two-headed ogre hits you with a +0 dire flail!
The hound bites you.
Zurenarrh's ghost flexes its fingers.
Zurenarrh's ghost assumes a wrestling stance.
The hound pauses to sniff the ground.
Zurenarrh's ghost feints to the left.
You block the hound's attack. You block the hound's attack.
You hit the hound. You headbutt the hound!
The hound is almost dead.
You block the hound's attack.
You closely miss the hound.
The hound is almost dead.
You block the hound's attack. The hound bites you but does no damage.
You puncture the hound!
You kill the hound!
You barely miss zurenarrh's ghost. Your headbutt misses zurenarrh's ghost.
Zurenarrh's ghost hits you!! Zurenarrh's ghost hits you!
You hit zurenarrh's ghost but do no damage.
Zurenarrh's ghost hits you!
Zurenarrh's ghost shrieks, "You will join me soon!"
Zurenarrh's ghost lets out a mournful wail.
You see here 20 stones.
There is a stone staircase leading up here.
Zurenarrh's ghost hits you!!
* * * LOW HITPOINT WARNING * * *
You climb upwards.
There is a stone staircase leading down here.
Okay, then.
You see here a +0 dagger.
There is a stone staircase leading up here.
You closely miss zurenarrh's ghost. Your headbutt misses zurenarrh's ghost.
Zurenarrh's ghost hits you!!
You die...

.#### ##.>####.######.#
....####...###........#
##...#...#..########..#
##.........)........>#
#.....#####.....#.#.#
#.....## ##..#.#.#>#
###..##..# ##.....∩..#
.........####.).W.#.#.##
#.#.###.......##@.#....####
..#...##....#####.####....##
...##.##..#........####....#
##........######......######
######.....######....######
#######.##....(.####.......#
........##........##.......#
###....###.####.#.##.......#
##..#..###.# #....#########


You could see zurenarrh's ghost.

Vanquished Creatures
  An orc warrior (D:5)
  An ice beast (D:5)
  A sky beast (D:5)
  A necrophage (D:4)
  A wolf (D:5)
  3 gnoll sergeants (D:5)
  2 bullfrog zombies (D:5)
  4 hounds (D:5)
  3 orc priests
  2 gnoll shamans (D:5)
  A jelly (D:5)
  Jessica (D:2)
  2 bullfrog skeletons (D:5)
  4 iguanas
  An orc wizard (D:3)
  A hound zombie (D:5)
  15 gnolls (D:5)
  5 adders
  2 shadow imps (D:5)
  An ufetubus (D:3)
  2 adder skeletons (D:4)
  6 worms
  A dart slug (D:3)
  13 orcs
  2 bats (D:3)
  4 endoplasms
  2 giant cockroaches
  6 goblins
  8 hobgoblins
  4 jackals (D:1)
  7 kobolds
  5 quokkas
  5 ball pythons
  4 frilled lizards
  10 rats
131 creatures vanquished.

Notes
Turn   | Place    | Note
-------+----------+-------------------------------------------
     0 | D:1      | Metae the Minotaur Fighter began the quest for the Orb.
     0 | D:1      | Reached XP level 1. HP: 19/19 MP: 0/0
    97 | D:1      | Reached XP level 2. HP: 27/27 MP: 1/1
   490 | D:1      | Reached XP level 3. HP: 25/33 MP: 2/2
   715 | D:2      | Noticed Jessica
   755 | D:2      | Killed Jessica
  1018 | D:2      | Reached XP level 4. HP: 36/41 MP: 3/3
  1649 | D:2      | Found a faded altar of an unknown god.
  2417 | D:3      | Reached skill level 5 in Fighting
  2417 | D:3      | Reached skill level 5 in Armour
  2417 | D:3      | Reached XP level 5. HP: 48/48 MP: 4/4
  3050 | D:4      | Noticed a necrophage
  3072 | D:4      | Killed a necrophage
  3073 | D:4      | Reached XP level 6. HP: 53/57 MP: 5/5
  3302 | D:4      | Found Sopullul's Distillery.
  3326 | D:4      | Bought a potion of curing for 42 gold pieces
  3326 | D:4      | Bought a potion of flight for 42 gold pieces
  3326 | D:4      | Bought a potion of heal wounds for 70 gold pieces
  3437 | D:4      | You fall into a shaft and drop 1 floor!
  3437 | D:5      | Entered Level 5 of the Dungeon
  3439 | D:5      | Noticed an ice beast
  3439 | D:5      | Noticed a sky beast
  3463 | D:5      | Killed an ice beast
  3464 | D:5      | Reached skill level 5 in Shields
  3472 | D:5      | Killed a sky beast
  3473 | D:5      | Reached XP level 7. HP: 29/64 MP: 1/6
  3681 | D:5      | Found a large runed translucent door.
  3683 | D:5      | Found a large runed translucent door.
  3905 | D:5      | Found a runed translucent gate.
  3905 | D:5      | Found a runed translucent gate.
  3905 | D:5      | Found a runed translucent gate.
  3919 | D:5      | Found an opulent altar of Gozag.
  3921 | D:5      | Noticed a two-headed ogre
  3922 | D:5      | Noticed zurenarrh's ghost (novice TrMo)
  4476 | D:5      | Reached skill level 5 in Polearms
  4476 | D:5      | Reached XP level 8. HP: 51/73 MP: 7/7
  5827 | D:5      | Found Qoimeemi's Weapon Boutique.
  5854 | D:5      | Identified the +3 leather armour of Inevitability {rF+
                  | Stlth+}
  6032 | D:5      | Found a hazy altar of Hepliaklqana.
  6033 | D:5      | Found a faded altar of an unknown god.
  6340 | D:4      | Slain by zurenarrh's ghost

Illustrated notes

Levels and vault maps discovered:
D:1:      dpeg_arrival_stonehenge_8_columns, layout_loops_ring,
          minmay_misc_feat_four_crosses
D:2:      minmay_inner_zag, layout_basic,
          hellmonk_ecumenical_altar_inner_sanctum, st_stairs_4,
          grunt_ministairs_11, uniq_jessica
D:3:      layout_rooms, minivault_5, kennysheep_orc_chapel
D:4:      layout_rooms, serial_shops, nicolae_shop_crystal
D:5:      layout_cave_pools, jmf_multi_god_temple2,
          beargit_hepliaklqana_dungeon_heroes, ebering_ghost_gozag,
          serial_gnoll_camp, gnoll_camp_huts_basic, gnoll_camp_mini_shop,
          gnoll_camp_mini_hut, gnoll_camp_mini_sergeant, gnoll_camp_mini_hut

Skill      XL: |  1  2  3  4  5  6  7  8 |
---------------+-------------------------+-----
Armour         | 4 5 6 7 8 |  8.3
Fighting       | 4 5 6 7 8 |  8.4
Polearms       | 3 4 5 |  5.6
Shields        | 4 5 6 |  6.3

Action                   |  1- 3 |  4- 6 |  7- 9 || total
-------------------------+-------+-------+-------++-------
Melee: Trident           |    93 |   196 |   189 ||   478
       Headbutt          |    10 |    27 |    33 ||    70
  Use: Scroll            |       |     3 |     3 ||     6
       Potion            |       |     2 |       ||     2
Armor: Scale mail        |    27 |    31 |    72 ||   130
       Chain mail        |       |    59 |       ||    59
Dodge: Dodged            |    25 |    32 |    58 ||   115
Block: Kite shield       |    43 |    71 |   114 ||   228
